 Dungeon Crawl Stone Soup version 0.31-a0-237-g2d982f9f85 (webtiles) character file.

Game seed: 4936777473579513191

26 qw the Shooter (level 3, -4/21 HPs)
             Began as a Gargoyle Hexslinger on July 11, 2023.
             Slain by a goblin
             ... wielding a +0 club
             ... led by Robin
              (5 damage)
             ... on level 2 of the Dungeon.
             The game lasted 00:00:13 (407 turns).

qw the Shooter (Gargoyle Hexslinger)                 Turns: 407, Time: 00:00:13

Health: -4/21      AC:  9    Str: 11    XL:     3   Next: 8%
Magic:  4/4        EV: 10    Int: 13    God:
Gold:   56         SH:  0    Dex: 14    Spells: 3/4 levels left

rFire   . . .        Y - +1 sling
rCold   . . .        (no shield)
rNeg    + . .        g - +0 ring mail
rPois   inf          f - +0 helmet
rElec   +            (no cloak)
rCorr   .            (no gloves)
SInv    .            (no boots)
Will    .....        (no amulet)
Stlth   +            (no ring)
HPRegen 0.23/turn    (no ring)
MPRegen 0.09/turn

%: no passive effects
@: hasted, very quick
A: sickness immunity, AC +3, negative energy resistance 1, electricity
resistance, torment resistance 1, petrification resistance
a: no special abilities


You were on level 2 of the Dungeon.
You visited 1 branch of the dungeon, and saw 2 of its levels.

You collected 56 gold pieces.


Innate Abilities, Weirdness & Mutations

You are immune to sickness and miasma.
Your stone body is resilient. (AC +3)
You are immune to poison.
You resist negative energy. (rN+)
You are resistant to electric shocks. (rElec)
You are resistant to unholy torment.
You are immune to petrification.


   Skills:
 - Level 2.1 Fighting
 - Level 3.0 Ranged Weapons
 + Level 0.0 Armour
 - Level 1.5 Dodging
 - Level 1.0 Spellcasting
 - Level 2.6 Hexes


You had 3 spell levels left.
You knew the following spells:

 Your Spells              Type           Power      Damage    Failure   Level
a - Slow                  Hex            28%        N/A       22%         1

Your spell library contained the following spells:

 Spells                   Type           Power      Damage    Failure   Level
 Inner Flame              Hex/Fire       4%         N/A       75%         3
 Portal Projectile        Hex/Tloc       8%         N/A       75%         3
 Cause Fear               Hex            3%         N/A       92%         4

Inventory:

Hand Weapons
 Y - a +1 sling (weapon)
Armour
 f - a +0 helmet (worn)
 g - a +0 ring mail (worn)
Jewellery
 e - a ring of fire
Potions
 d - 2 potions of haste
 h - a potion of curing {unknown}

Dungeon Overview and Level Annotations

Branches:
Dungeon (2/15)

Altars:

Shops:
D:1 *

Annotations:
D:2 Robin


Message History

A goblin comes into view. It is wielding a +0 dagger.
The adder completely misses you. The goblin barely misses you.
You shoot a sling bullet. The sling bullet hits the adder.
The adder is heavily wounded.
A ball python comes into view.
The adder bites you but does no damage.
The goblin hits you but does no damage. x2
The goblin barely misses you.
You shoot a sling bullet. The sling bullet misses the adder.
The sling bullet barely misses the hobgoblin.
The adder barely misses you. The goblin completely misses you.
The goblin hits you with a +0 club. Robin throws the goblin at you!
The goblin completely misses you.
An endoplasm comes into view.
You shoot a sling bullet. The sling bullet hits the adder.
The adder is severely wounded.
The adder barely misses you.
The goblin hits you but does no damage. x3
A goblin comes into view. It is wielding a +1 dagger of flaming.
You shoot a sling bullet. The sling bullet hits the adder!
You kill the adder!
The dart slug launches a dart at you.
The slug dart hits you but does no damage.
Your Fighting skill increases to level 2!
You have reached level 3!
Your experience leads to an increase in your attributes!
Increase (S)trength, (I)ntelligence, or (D)exterity?
You feel agile. x2
You shoot a sling bullet. The sling bullet closely misses Robin.
The goblin hits you but does no damage. The goblin barely misses you.
The goblin misses you.
A hobgoblin comes into view.
You shoot a sling bullet. The sling bullet hits Robin!
Robin is heavily wounded.
Robin hits you but does no damage. The goblin hits you with a +0 club.
The goblin hits you but does no damage. The goblin barely misses you.
The hobgoblin hits you but does no damage.
You shoot a sling bullet. The sling bullet hits Robin.
Robin is severely wounded.
The hobgoblin no longer looks unusually strong.
The goblin hits you but does no damage. The goblin hits you with a +0 club. x2
You die...

.. ..########
.........#
..........#
..........# .#.
...........###g...
.........ggwgJg##
##.....##.g@ggSg.#
##........?#g####...
#..........#.#
####............#
##..............##
#..##.........#.####.
..###................
.............##.#####
#####.........#..#


You could see Robin, a dart slug, an endoplasm, 4 hobgoblins, 5 goblins and a
ball python.

Vanquished Creatures
  An adder (D:2)
  A worm (D:2)
  3 bats (D:1)
  An endoplasm (D:2)
  2 giant cockroaches
  2 goblins
  2 hobgoblins (D:2)
  A ball python (D:1)
  A rat (D:2)
14 creatures vanquished.

Notes
Turn   | Place    | Note
-------+----------+-------------------------------------------
     0 | D:1      | qw the Gargoyle Hexslinger began the quest for the Orb.
     0 | D:1      | Reached XP level 1. HP: 12/12 MP: 2/2
     0 | D:1      | 0 ||| qw: Version: 0.3-a-52-g30416fa
     0 | D:1      | 0 ||| qw: Game counter: 5732
     0 | D:1      | 0 ||| qw: Melee chars always use a shield: true
     0 | D:1      | 0 ||| qw: God list: Okawaru
     0 | D:1      | 0 ||| qw: Allow faded altars: false
     0 | D:1      | 0 ||| qw: Do Orc after clearing Dungeon:15 true
     0 | D:1      | 0 ||| qw: Do second Lair branch before Depths: true
     0 | D:1      | 0 ||| qw: Lair rune preference: random
     0 | D:1      | 0 ||| qw: Goals: Normal
     0 | D:1      | 0 ||| PLANNING D:1-11
   208 | D:1      | Found Cacwaloi's General Store.
   219 | D:1      | 219 ||| SHOPLISTING potion of heal wounds (55 gold, have
                  | 20).
   281 | D:1      | You fall into a shaft and drop 1 floor!
   293 | D:2      | Reached XP level 2. HP: 16/16 MP: 3/3
   364 | D:2      | 364 ||| UPGRADING to +0 helmet.
   369 | D:2      | 369 ||| UPGRADING to +0 ring mail.
   379 | D:2      | 379 ||| DROPPING +0 robe.
   380 | D:2      | 380 ||| READING scroll labelled POMPEDY PAUTY.
   381 | D:2      | 381 ||| DRINKING 3 white potions.
   382 | D:2      | 382 ||| DROPPING scroll of poison.
   388 | D:2      | Reached skill level 3 in Ranged Weapons
   390 | D:2      | Noticed Robin
   405 | D:2      | Reached XP level 3. HP: 8/21 MP: 4/4
   406 | D:2      | HP: 4/21 [goblin/+0 club[Robin] (4)]
   407 | D:2      | HP: 1/21 [goblin/+0 club[Robin] (3)]
   407 | D:2      | Slain by a goblin

Levels and vault maps discovered:
D:1:      dpeg_arrival_circle_labyrinth_a, layout_loops_ring, serial_shops,
          nicolae_shop_stone
D:2:      layout_rooms, dreamdust_ecumenical_altar_angels_and_demons,
          basic_altar, uniq_robin, uniq_terence

Skill      XL: |  1  2 |
---------------+-------+-----
Ranged Weapons | 3 |  3.0
Fighting       | 2 |  2.1
Dodging        | |  1.5
Spellcasting   | |  1.0
Hexes          | |  2.6

Action                     || total
---------------------------++-------
   Fire: Sling             ||    63
    Use: Scroll            ||     1
         Potion            ||     1
 Armour: Robe              ||     9
         Ring mail         ||    21
  Dodge: Dodged            ||    32

Table legend:
 A = Non-vault XP
 B = Vault XP
 C = Vault XP percentage of total XP
 D = Non-vault monster count
 E = Vault monster count
 F = Vault count percentage of total count
                 A         B        C        D         E       F
            +---------+---------+-------+---------+---------+-------
      Total |      35 |       3 |   7.9 |      12 |       2 |  14.3
            +---------+---------+-------+---------+---------+-------
        D:1 |       9 |       0 |   0.0 |       6 |       0 |   0.0
        D:2 |      26 |       3 |  10.3 |       6 |       2 |  25.0
            +---------+---------+-------+---------+---------+-------
